 Dungeon Crawl Stone Soup version 0.23.0 (webtiles) character file.

Game seed: 13983207791485442944

751 wolfsongas the Fighter (level 7, 0/67 HPs)
             Began as a Gnoll Wanderer on Feb 15, 2019.
             Was a Follower of Fedhas.
             Slain by a slave (3 damage)
             ... led by Pikel
             ... on level 4 of the Dungeon.
             The game lasted 00:09:05 (2981 turns).

wolfsongas the Fighter (Gnoll Wanderer)             Turns: 2981, Time: 00:09:06

Health: 0/67       AC:  7    Str: 15    XL:     7   Next: 78%
Magic:  10/10      EV: 12    Int: 14    God:    Fedhas [*.....]
Gold:   95         SH:  0    Dex: 16    Spells: 11/11 levels left

rFire    . . .     SeeInvis .   a - +3 falchion
rCold    . . .     Gourm    .   (no shield)
rNeg     . . .     Faith    .   i - +0 ring mail
rPois    .         Spirit   .   (no helmet)
rElec    .         Reflect  .   b - +0 cloak
rCorr    .         Harm     .   (no gloves)
MR       .....                  (no boots)
Stlth    ++........             (no amulet)
HPRegen  0.21/turn              (no ring)
MPRegen  0.12/turn              (no ring)

@: no status effects
A: distributed training, fangs 1, strong nose
a: Fungal Bloom, Sunlight, Renounce Religion


You were on level 4 of the Dungeon.
You worshipped Fedhas.
Fedhas was aware of your devotion.
You were not hungry.

You visited 1 branch of the dungeon, and saw 4 of its levels.
You also visited: Sewer.

You collected 95 gold pieces.

Inventory:

Hand Weapons
 a - a +3 falchion (weapon)
Armour
 b - a +0 cloak (worn)
 h - a +0 plate armour
 i - a +0 ring mail (worn)
Wands
 e - a wand of disintegration (4)
Scrolls
 d - 2 scrolls of remove curse
 g - 4 scrolls of fear
 j - 2 scrolls of teleportation
 k - a scroll of fog
 l - a scroll of blinking {unknown}
Potions
 c - 2 potions of curing
 m - 2 potions of magic
 o - a potion of agility
Comestibles
 f - 6 rations


   Skills:
 + Level 10.6 Fighting
 + Level 2.6 Short Blades
 + Level 3.7 Long Blades
 + Level 2.6 Axes
 + Level 2.6 Maces & Flails
 + Level 2.6 Polearms
 + Level 2.6 Staves
 + Level 2.6 Slings
 + Level 2.6 Bows
 + Level 2.6 Crossbows
 + Level 3.7 Throwing
 + Level 3.7 Armour
 + Level 2.6 Dodging
 + Level 5.0 Stealth
 + Level 2.6 Shields
 + Level 2.6 Unarmed Combat
 + Level 2.6 Spellcasting
 + Level 2.1 Conjurations
 + Level 2.1 Hexes
 + Level 2.1 Charms
 + Level 2.1 Summonings
 + Level 2.1 Necromancy
 + Level 2.1 Translocations
 + Level 2.1 Transmutations
 + Level 2.1 Fire Magic
 + Level 2.1 Ice Magic
 + Level 2.1 Air Magic
 + Level 2.1 Earth Magic
 + Level 2.1 Poison Magic
 + Level 2.9 Invocations
 + Level 2.6 Evocations


You had 11 spell levels left.
You didn't know any spells.
Your spell library contained the following spells:

 Spells                   Type           Power        Failure   Level  Hunger
 Confusing Touch          Hex            #.....       17%         1    #......
 Confuse                  Hex            #.......     45%         3    ###....
 Gell's Gravitas          Tloc           #.........   45%         3    ###....
 Petrify                  Tmut/Erth      #.......     86%         4    #####..
 Metabolic Englaciation   Hex/Ice        #.........   99%         5    ######.
 Yara's Violent Unravell  Hex/Tmut       #.........   99%         5    ######.


Dungeon Overview and Level Annotations

Branches:
Dungeon (4/15)
 Temple: D:4-7

Altars:
Dithmenos
Elyvilon
Fedhas
Gozag
Uskayaw
Wu Jian
Xom
Yredelemnul

Annotations:
D:4 Pikel


Innate Abilities, Weirdness & Mutations

Your experience applies equally to all skills.
You have very sharp teeth.
Your uncanny sense of smell can sniff out nearby items.


Message History

You hit Pikel.
Pikel is heavily wounded.
The slave hits you but does no damage. The slave closely misses you.
The slave hits you.
* * * LOW HITPOINT WARNING * * *
Pikel barely misses you.
You riposte.
You slash Pikel!
Pikel is severely wounded.
You closely miss Pikel.
Pikel is severely wounded.
The slave hits you.
* * * LOW HITPOINT WARNING * * *
The slave barely misses you.
You riposte.
You hit the slave.
The slave is moderately wounded.
Pikel hits you with a +2 whip of flaming.
* * * LOW HITPOINT WARNING * * *
Pikel burns you.
* * * LOW HITPOINT WARNING * * *
The slave hits you.
You die...
Fedhas appreciates your contribution to the ecosystem.

#.......## ###.......#
.........## ####
###(......# #...
#.......# #...
####.......# .###...
#.........##
......p#####........##
#.pK@...........##
#....pp.###.......#
###..l#...........#
#...#####.......# #...
#.......# ####
#.......# #.......#
#########


You could see Pikel, 4 slaves and an iguana.

Vanquished Creatures
  Grinder (D:3)
  Eustachio (D:4)
  A hound (D:3)
  Crazy Yiuf (D:2)
  Jessica (D:3)
  Ijyb (D:4)
  Natasha (twice) (D:3)
  A gnoll (D:1)
  9 adders
  6 river rats
  2 oozes
  2 worms
  4 dart slugs
  2 leopard geckos
  3 orcs
  4 ball pythons
  4 giant cockroaches
  11 goblins
  9 hobgoblins
  4 jackals (D:3)
  13 bats
  16 frilled lizards
  4 kobolds
  7 rats
109 creatures vanquished.

Notes
Turn   | Place    | Note
-------+----------+-------------------------------------------
     0 | D:1      | Reached skill level 10 in Fighting
     0 | D:1      | wolfsongas the Gnoll Wanderer began the quest for the Orb.
     0 | D:1      | wolfsongas set off with the following items: a +2 falchion,
                  | a potion of lignification, a potion of curing, a +0 robe, a
                  | +0 dagger, a ration
     0 | D:1      | Reached XP level 1. HP: 28/28 MP: 1/1
   143 | D:1      | Reached XP level 2. HP: 36/36 MP: 2/2
   426 | D:1      | Reached XP level 3. HP: 42/42 MP: 3/3
   669 | D:1      | Reached skill level 1 in Invocations
   816 | D:2      | Reached skill level 1 in Short Blades
   816 | D:2      | Reached skill level 1 in Axes
   816 | D:2      | Reached skill level 1 in Maces & Flails
   816 | D:2      | Reached skill level 1 in Polearms
   816 | D:2      | Reached skill level 1 in Staves
   816 | D:2      | Reached skill level 1 in Slings
   816 | D:2      | Reached skill level 1 in Bows
   816 | D:2      | Reached skill level 1 in Crossbows
   816 | D:2      | Reached skill level 1 in Dodging
   816 | D:2      | Reached skill level 1 in Shields
   816 | D:2      | Reached skill level 1 in Unarmed Combat
   816 | D:2      | Reached skill level 1 in Spellcasting
   816 | D:2      | Reached skill level 1 in Evocations
   816 | D:2      | Reached XP level 4. HP: 46/48 MP: 5/5
   825 | D:2      | Found a hide-covered altar of Uskayaw.
   826 | D:2      | Noticed a +0 hand axe
   826 | D:2      | Noticed a +0 hand axe
   879 | D:2      | Reached skill level 1 in Conjurations
   879 | D:2      | Reached skill level 1 in Hexes
   879 | D:2      | Reached skill level 1 in Charms
   879 | D:2      | Reached skill level 1 in Summonings
   879 | D:2      | Reached skill level 1 in Necromancy
   879 | D:2      | Reached skill level 1 in Translocations
   879 | D:2      | Reached skill level 1 in Transmutations
   879 | D:2      | Reached skill level 1 in Fire Magic
   879 | D:2      | Reached skill level 1 in Ice Magic
   879 | D:2      | Reached skill level 1 in Air Magic
   879 | D:2      | Reached skill level 1 in Earth Magic
   879 | D:2      | Reached skill level 1 in Poison Magic
   958 | D:2      | Found a runed translucent door.
   959 | D:2      | Noticed Crazy Yiuf
   971 | D:2      | Killed Crazy Yiuf
   971 | D:2      | Reached XP level 5. HP: 34/54 MP: 2/6
  1761 | D:3      | Found a faded altar of an unknown god.
  1835 | D:3      | Found a shadowy altar of Dithmenos.
  1837 | D:3      | Found an ornate altar of the Wu Jian Council.
  1837 | D:3      | Found a basalt altar of Yredelemnul.
  1839 | D:3      | Found an opulent altar of Gozag.
  1839 | D:3      | Found a shadowy altar of Dithmenos.
  1839 | D:3      | Found a shimmering altar of Xom.
  1901 | D:3      | Noticed Grinder
  1932 | D:3      | Found a glowing drain.
  1949 | D:3      | Reached XP level 6. HP: 44/61 MP: 8/8
  1983 | Sewer    | Entered a sewer
  2438 | D:3      | Found a shadowy altar of Dithmenos.
  2438 | D:3      | Found a white marble altar of Elyvilon.
  2450 | D:3      | Noticed Natasha
  2456 | D:3      | Killed Natasha
  2457 | D:3      | Found a faded altar of an unknown god.
  2459 | D:3      | Found a faded altar of an unknown god.
  2460 | D:3      | Found an opulent altar of Gozag.
  2471 | D:3      | Became a worshipper of Fedhas Madash
  2471 | D:3      | Reached * piety under Fedhas
  2528 | D:3      | Paralysed by Grinder for 6 turns
  2550 | D:3      | Paralysed by Grinder for 6 turns
  2562 | D:3      | Killed Grinder
  2562 | D:3      | Reached XP level 7. HP: 30/67 MP: 10/10
  2614 | D:3      | Noticed Jessica
  2618 | D:3      | Killed Jessica
  2662 | D:3      | Noticed Natasha
  2667 | D:3      | Killed Natasha
  2746 | D:4      | Noticed Ijyb
  2747 | D:4      | Noticed Eustachio
  2764 | D:4      | Killed Ijyb
  2767 | D:4      | Killed Eustachio
  2767 | D:4      | Reached skill level 5 in Stealth
  2772 | D:4      | Found a shimmering altar of Xom.
  2960 | D:4      | Noticed Pikel
  2981 | D:4      | HP: 3/67 [Pikel/+2 whip of flaming (1)]
  2981 | D:4      | Slain by a slave

Skill      XL: |  1  2  3  4  5  6  7 |
---------------+----------------------+-----
Fighting       | | 10.6
Invocations    | 1 2 |  2.9
Short Blades   | 1 2 |  2.6
Axes           | 1 2 |  2.6
Maces & Flails | 1 2 |  2.6
Polearms       | 1 2 |  2.6
Staves         | 1 2 |  2.6
Slings         | 1 2 |  2.6
Bows           | 1 2 |  2.6
Crossbows      | 1 2 |  2.6
Dodging        | 1 2 |  2.6
Shields        | 1 2 |  2.6
Unarmed Combat | 1 2 |  2.6
Spellcasting   | 1 2 |  2.6
Evocations     | 1 2 |  2.6
Conjurations   | 1 2 |  2.1
Hexes          | 1 2 |  2.1
Charms         | 1 2 |  2.1
Summonings     | 1 2 |  2.1
Necromancy     | 1 2 |  2.1
Translocations | 1 2 |  2.1
Transmutations | 1 2 |  2.1
Fire Magic     | 1 2 |  2.1
Ice Magic      | 1 2 |  2.1
Air Magic      | 1 2 |  2.1
Earth Magic    | 1 2 |  2.1
Poison Magic   | 1 2 |  2.1
Long Blades    | 3 |  3.7
Throwing       | 3 |  3.7
Armour         | 3 |  3.7
Stealth        | 5 |  5.0

Action                   |  1- 3 |  4- 6 |  7- 9 || total
-------------------------+-------+-------+-------++-------
Melee: Falchion          |    64 |   198 |    41 ||   303
       Bite              |     6 |    27 |    11 ||    44
       Punch             |       |     2 |       ||     2
Invok: Sunlight          |       |     1 |       ||     1
  Use: Scroll            |     3 |     7 |       ||    10
       Potion            |       |     5 |     1 ||     6
 Stab: Sleeping          |     5 |     8 |     1 ||    14
       Distracted        |       |     1 |       ||     1
  Eat: Ration            |       |     2 |     1 ||     3
Armor: Ring mail         |    20 |   100 |    25 ||   145
       Skin              |       |     2 |       ||     2
Dodge: Dodged            |    29 |   129 |    46 ||   204
       Rpst.: Falchion   |     9 |    41 |    18 ||    68
